 Dungeon Crawl Stone Soup version 0.28-a0-828-g0121872642 (webtiles) character file.

Game seed: 9622890969702626042

4707 mcbry74 the Cleaver (level 10, 0/72 HPs)
             Began as a Hill Orc Fighter on Nov 10, 2021.
             Was a Follower of the Shining One.
             Slain by an eight-headed hydra (10 damage)
             ... on level 9 of the Dungeon.
             The game lasted 00:51:33 (8746 turns).

mcbry74 the Cleaver (Hill Orc Fighter)              Turns: 8746, Time: 00:51:34

Health: 0/72       AC: 22    Str: 23    XL:     10   Next: 45%
Magic:  11/11      EV:  8    Int: 15    God:    the Shining One [*.....]
Gold:   268        SH:  6    Dex: 10    Spells: 9/9 levels left

rFire   . . .      SeeInvis .   g - +8 mace of Fetsi {vorpal, rPois Int+7}
rCold   . . .      Faith    +   n - +2 buckler
rNeg    . . .      Spirit   .   M - +2 chain mail {Will+}
rPois   +          Reflect  .   z - +2 helmet
rElec   .          Harm     .   (no cloak)
rCorr   .          Rampage  .   (no gloves)
Will    +....                   (no boots)
Stlth   ..........              L - amulet of faith
HPRegen 0.22/turn               F - +4 ring of protection
MPRegen 0.12/turn               E - +4 ring of protection

@: glowing, studying Fighting
A: frail 1, subdued magic 1
a: Renounce Religion, Divine Shield


You were on level 9 of the Dungeon.
You worshipped the Shining One.
The Shining One was aware of your devotion.
You visited 2 branches of the dungeon, and saw 10 of its levels.

You collected 476 gold pieces.
You spent 208 gold pieces at shops.

Inventory:

Hand Weapons
 a - a +0 war axe
 g - the +8 mace of Fetsi (weapon) {vorpal, rPois Int+7}
   (You found it on level 5 of the Dungeon)

   It inflicts extra damage upon your enemies.
   Int:       It affects your intelligence (+7).
   rPois:     It protects you from poison.
 l - a +0 broad axe
Missiles
 d - 33 poisoned darts
 K - 2 throwing nets (quivered)
Armour
 b - a +0 scale mail
 n - a +2 buckler (worn)
 z - a +2 helmet (worn)
 M - a +2 chain mail of willpower (worn)
Jewellery
 o - a +6 ring of intelligence
 w - a ring of flight
 x - a +6 ring of dexterity
 E - a +4 ring of protection (right hand)
 F - a +4 ring of protection (left hand)
 J - a ring of wizardry
 L - an amulet of faith (around neck)
Wands
 y - a wand of mindburst (10)
 C - a wand of polymorph (5)
 H - a wand of iceblast (8)
Scrolls
 c - a scroll of amnesia {unknown}
 f - a scroll of immolation {unknown}
 i - 4 scrolls of teleportation
 j - 2 scrolls of fog {unknown}
 m - 2 scrolls of brand weapon {unknown}
 p - 2 scrolls of enchant weapon {unknown}
 q - 2 scrolls of fear {unknown}
 s - 2 scrolls of blinking {unknown}
 A - a scroll of acquirement {unknown}
 D - a scroll of identify
Potions
 e - 3 potions of heal wounds
 h - 6 potions of curing
 k - a potion of magic
 r - a potion of brilliance
 t - a potion of ambrosia
 u - 2 potions of berserk rage
 v - 3 potions of attraction
 B - a potion of might
 G - 2 potions of lignification {unknown}
 I - a potion of invisibility {unknown}


   Skills:
 + Level 4.8 Fighting
 + Level 10.0(12.0) Axes
 - Level 9.0(10.4) Maces & Flails
 + Level 8.3 Throwing
 + Level 4.2 Armour
 + Level 0.4 Dodging
 + Level 4.0 Shields
 + Level 2.1 Invocations


You had 9 spell levels left.
You didn't know any spells.
Your spell library contained the following spells:

 Spells                   Type           Power      Damage    Failure   Level
 Corpse Rot               Necr/Air       0%         N/A       96%         2
 Poisonous Vapours        Pois/Air       0%         N/A       96%         2
 Scorch                   Fire           0%         2d5       96%         2
 Sublimation of Blood     Necr           0%         N/A       96%         2
 Wereblood                Tmut           0%         N/A       96%         2
 Dazzling Flash           Conj/Hex       0%         N/A       99%         3
 Flame Wave               Conj/Fire      0%         3d3       100%        4
 Iskenderun's Mystic Bla  Conj/Tloc      0%         2d3       100%        4
 Starburst                Conj/Fire      0%         6d3       100%        6
 Summon Cactus Giant      Summ           0%         N/A       100%        6
 Summon Hydra             Summ           0%         N/A       100%        7


Dungeon Overview and Level Annotations

Branches:
Dungeon (9/15)             Temple (1/1) D:7            Lair (0/6) D:8
    Orc (0/2) D:9

Altars:
Ashenzari
Cheibriados
Dithmenos
Elyvilon
Fedhas
Gozag
Hepliaklqana
Kikubaaqudgha
Makhleb
Nemelex Xobeh
Okawaru
Qazlal
Ru
Sif Muna
Trog
Uskayaw
Vehumet
Wu Jian
Xom
Yredelemnul
Zin
The Shining One
Beogh

Shops:
D:2 !   D:9 (


Innate Abilities, Weirdness & Mutations

You are frail. (-10% HP)
Your spells are a little easier to cast, but a little less powerful.


Message History

You hit the eight-headed hydra.
The eight-headed hydra is heavily wounded.
The eight-headed hydra bites you but does no damage.
You block the eight-headed hydra's attack.
The eight-headed hydra bites you!
You block the eight-headed hydra's attack.
The eight-headed hydra closely misses you.
The eight-headed hydra bites you!
The eight-headed hydra closely misses you.
The eight-headed hydra bites you but does no damage.
You sock the eight-headed hydra!
The eight-headed hydra is severely wounded.
You block the eight-headed hydra's attack. x2
The eight-headed hydra barely misses you.
The eight-headed hydra bites you.
You block the eight-headed hydra's attack.
The eight-headed hydra bites you but does no damage. x3
You sock the eight-headed hydra!
The eight-headed hydra is severely wounded.
You block the eight-headed hydra's attack.
The eight-headed hydra bites you but does no damage.
The eight-headed hydra bites you.
The eight-headed hydra bites you but does no damage. x3
You block the eight-headed hydra's attack.
The eight-headed hydra closely misses you.
You sock the eight-headed hydra!
The eight-headed hydra is almost dead.
The eight-headed hydra bites you but does no damage. x2
The eight-headed hydra bites you.
The eight-headed hydra bites you but does no damage. x2
The eight-headed hydra bites you.
* * * LOW HITPOINT WARNING * * *
The eight-headed hydra bites you but does no damage.
The eight-headed hydra bites you!
* * * LOW HITPOINT WARNING * * *
You completely miss the eight-headed hydra.
The eight-headed hydra is almost dead.
You block the eight-headed hydra's attack.
The eight-headed hydra bites you!
You die...

# #...#.... # ...#+##
#...#+### #. ......+
#.......# #.##...#.#
#.#...#.# #........#
+.......#
#........#####.......#
#..................#.#
#.#..D.#..###........#
#....@...............#
#.....#####.....####..
#.....# #..##.# #.#
#.....# #..##.# #..
#.....# #.....# #..
#.....# #....## #...
#.###.#####....# #.#.
#..............# #.#.
#......###.....## #...


You could see an eight-headed hydra.

Vanquished Creatures
  Harold (D:9)
  Pikel (D:5)
  The ghost of funkygono the Arsonist, a novice GrFE (D:6)
  Grinder (D:5)
  The ghost of Zgarb the Sneak, an amateur OpDe of Hepliaklqana (D:4)
  Sigmund (D:3)
  A wyvern (D:8)
  An ice beast (D:7)
  3 orc warriors (D:9)
  A black bear (D:5)
  2 necrophages
  An ogre (D:7)
  3 centaurs
  A phantom (D:6)
  4 lemures (D:5)
  A kobold brigand (D:4)
  Blork the orc (D:6)
  2 bullfrogs
  6 scorpions
  3 killer bees (D:9)
  A howler monkey (D:9)
  A bullfrog zombie (D:5)
  2 centaur zombies
  4 hounds
  2 quasits (D:4)
  3 orc priests
  2 jellies
  Jessica (D:2)
  An iguana (D:6)
  Terence (D:2)
  Ijyb (D:5)
  A hound skeleton (D:4)
  8 adders
  A white imp (D:8)
  An ufetubus (D:4)
  An adder zombie (D:5)
  An adder skeleton (D:5)
  2 dart slugs
  11 orcs
  7 ball pythons
  5 endoplasms
  2 giant cockroaches
  4 goblins
  9 hobgoblins
  3 jackals (D:1)
  5 kobolds
  A quokka (D:2)
  6 bats
  A frilled lizard (D:1)
  A quokka skeleton (D:4)
  3 rats
128 creatures vanquished.

Vanquished Creatures (others)
  38 fungi (D:4)
  2 withered plants (D:6)
40 creatures vanquished.

Grand Total: 168 creatures vanquished

Notes
Turn   | Place    | Note
-------+----------+-------------------------------------------
     0 | D:1      | mcbry74 the Hill Orc Fighter began the quest for the Orb.
     0 | D:1      | Reached XP level 1. HP: 19/19 MP: 1/1
    92 | D:1      | Reached XP level 2. HP: 21/27 MP: 2/2
   217 | D:4      | Noticed a kobold brigand
   226 | D:4      | Killed a kobold brigand
   227 | D:4      | Reached skill level 3 in Axes
   227 | D:4      | Reached XP level 3. HP: 29/34 MP: 3/3
   227 | D:4      | Reached XP level 4. HP: 35/41 MP: 4/4
   464 | D:5      | Entered Level 5 of the Dungeon
   544 | D:5      | Noticed a scorpion
   550 | D:5      | Killed a scorpion
   551 | D:5      | Reached skill level 4 in Axes
   551 | D:5      | Reached skill level 1 in Throwing
   551 | D:5      | Reached XP level 5. HP: 47/47 MP: 5/5
   556 | D:5      | Noticed a lemure
   557 | D:5      | Noticed a lemure
   588 | D:5      | Killed a lemure
   627 | D:5      | Killed a lemure
  1023 | D:5      | Noticed Pikel
  1023 | D:5      | Noticed a lemure
  1023 | D:5      | Noticed a lemure
  1080 | D:5      | Killed a lemure
  1094 | D:4      | Reached skill level 5 in Axes
  1267 | D:5      | Killed a lemure
  1684 | D:5      | Reached XP level 6. HP: 42/53 MP: 6/6
  1737 | D:5      | Noticed a black bear
  1745 | D:5      | Killed a black bear
  1746 | D:5      | Reached skill level 6 in Axes
  1824 | D:5      | Identified the +8 mace of Fetsi {vorpal, rPois Int+7}
  1850 | D:5      | Noticed Grinder
  1861 | D:5      | Paralysed by Grinder for 6 turns
  1880 | D:5      | Killed Grinder
  1881 | D:5      | Reached XP level 7. HP: 27/60 MP: 7/7
  2191 | D:6      | Found a runed translucent door.
  2191 | D:6      | Noticed funkygono's ghost (novice GrFE)
  2342 | D:6      | Noticed Blork the orc
  2348 | D:6      | Killed Blork the orc
  2789 | D:7      | Reached XP level 8. HP: 67/67 MP: 8/8
  2827 | D:7      | Found a staircase to the Ecumenical Temple.
  2845 | D:7      | Reached skill level 5 in Maces & Flails
  2871 | Temple   | Entered the Ecumenical Temple
  2906 | Temple   | Became a worshipper of the Shining One
  3052 | D:3      | Noticed an angel
  3054 | D:3      | Found a shimmering altar of Xom.
  3066 | D:3      | Found a glowing silver altar of Zin.
  3157 | D:2      | Noticed Jessica
  3169 | D:2      | Killed Jessica
  3209 | D:2      | Noticed Terence
  3218 | D:2      | Killed Terence
  3924 | D:2      | Found Byocvixt's Distillery.
  3932 | D:2      | Bought a potion of ambrosia for 104 gold pieces
  3932 | D:2      | Bought a potion of curing for 39 gold pieces
  3932 | D:2      | Bought a potion of berserk rage for 65 gold pieces
  3970 | D:2      | Gained mutation: You are frail. (-10% HP) [potion of
                  | mutation]
  3970 | D:2      | Gained mutation: You are covered in fur. (AC +1) [potion of
                  | mutation]
  3970 | D:2      | Gained mutation: Your mind is acute. (Int +2) [potion of
                  | mutation]
  3971 | D:2      | Lost mutation: You are frail. (-10% HP) [potion of
                  | mutation]
  3971 | D:2      | Lost mutation: Your mind is acute. (Int +2) [potion of
                  | mutation]
  3971 | D:2      | Lost mutation: You are covered in fur. (AC +1) [potion of
                  | mutation]
  3971 | D:2      | Gained mutation: Your spells are a little easier to cast,
                  | but a little less powerful. [potion of mutation]
  3971 | D:2      | Gained mutation: You are frail. (-10% HP) [potion of
                  | mutation]
  4242 | D:3      | Found a white marble altar of Elyvilon.
  4309 | D:3      | Noticed Sigmund
  4315 | D:3      | Killed Sigmund
  4316 | D:3      | Reached skill level 5 in Throwing
  4632 | D:4      | Found a hazy altar of Hepliaklqana.
  4927 | D:4      | Found a blossoming altar of Fedhas.
  4939 | D:4      | Found a transporter.
  4939 | D:4      | Noticed Zgarb's ghost (amateur OpDe)
  4968 | D:4      | Found a transporter.
  5253 | D:4      | Killed Zgarb's ghost
  5254 | D:4      | Reached XP level 9. HP: 41/64 MP: 9/9
  5496 | D:5      | Noticed Ijyb
  5517 | D:5      | Killed Ijyb
  5684 | D:5      | Killed Pikel
  5871 | D:6      | Killed funkygono's ghost
  5872 | D:6      | Reached skill level 7 in Axes
  6631 | D:7      | Reached * piety under the Shining One
  6683 | D:7      | Reached skill level 8 in Axes
  7079 | D:8      | Found a sparkling altar of Nemelex Xobeh.
  7086 | D:8      | Reached skill level 1 in Invocations
  7139 | D:8      | Reached XP level 10. HP: 51/72 MP: 11/11
  7380 | D:8      | Found a staircase to the Lair.
  7945 | D:9      | Found a snail-covered altar of Cheibriados.
  7967 | D:9      | Reached skill level 9 in Axes
  8075 | D:9      | Noticed Harold
  8086 | D:9      | Killed Harold
  8348 | D:9      | Found Tonabiok's Weapon Boutique.
  8477 | D:9      | Found a staircase to the Orcish Mines.
  8558 | D:9      | Found a roughly hewn altar of Beogh.
  8564 | D:9      | Reached skill level 10 in Axes
  8735 | D:9      | Noticed an eight-headed hydra
  8746 | D:9      | Slain by an eight-headed hydra

Illustrated notes

Levels and vault maps discovered:
D:1:      nicolae_arrival_memento_mori, layout_rooms, serial_forest,
          infiniplex_forest_side_room, infiniplex_forest_end_2,
          infiniplex_forest_clump_tiny, infiniplex_forest_straight_2,
          infiniplex_forest_clump_curved, infiniplex_forest_clump_small,
          infiniplex_forest_diagonal, chequers_serial_rivers_small_3,
          minmay_misc_feat_nine_boxes
D:2:      layout_basic, serial_shops,
          nicolae_shop_temple_entry_statues_fountains, serial_bayou_pond_b,
          uniq_terence, uniq_jessica
D:3:      layout_basic, grunt_temple_overflow_order_and_chaos_1,
          mainiacjoe_overflow_alcove_1, uniq_crazy_yiuf_cottage, uniq_sigmund
D:4:      layout_basic, mainiacjoe_overflow_catch_the_wave,
          gammafunk_ghost_stat_death
D:5:      layout_basic, uniq_grinder, uniq_pikel, uniq_ijyb
D:6:      layout_loops_corners, gammafunk_ghost_grave, uniq_blork_the_orc
D:7:      layout_basic, minmay_temple_entry_slanted, minmay_misc_feat_rugged
D:8:      layout_basic, mainiacjoe_overflow_six_doors_small, lair_entry_dummy
D:9:      layout_stronghold, mainiacjoe_overflow_cross_hatched,
          minmay_orc_entry_temple_small, serial_shops,
          nicolae_shop_window_shopping, uniq_harold
Temple:   minmay_freezing_vapour_temple

Skill      XL: |  1  2  3  4  5  6  7  8  9 10 |
---------------+-------------------------------+-----
Fighting       | 4 |  4.8
Axes           | 3 4 5 6 8 10 | 10.0
Armour         | 4 |  4.2
Throwing       | 1 2 3 4 5 7 8 |  8.3
Maces & Flails | 2 4 7 9 |  9.0
Invocations    | 1 2 |  2.1
Shields        | 4 |  4.0
Dodging        | |  0.4

Action                   |  1- 3 |  4- 6 |  7- 9 | 10-12 || total
-------------------------+-------+-------+-------+-------++-------
Melee: War axe           |    31 |   121 |       |       ||   152
       Mace              |       |     8 |   205 |    70 ||   283
Throw: Dart              |       |    19 |     6 |     2 ||    27
       Throwing net      |       |       |       |     1 ||     1
Evoke: Wand              |       |       |       |     2 ||     2
  Use: Scroll            |     3 |     1 |     5 |       ||     9
       Potion            |     1 |       |     2 |       ||     3
Armor: Scale mail        |    20 |    58 |    85 |    18 ||   181
       Chain mail        |       |       |       |    23 ||    23
Dodge: Dodged            |    20 |    65 |   102 |    23 ||   210
Block: Buckler           |    10 |    47 |    46 |    22 ||   125

Table legend: (Time is in decaauts)
 A = Elapsed time spent in this place.
 B = Non-inter-level travel time spent in this place.
 C = Inter-level travel time spent in this place.
 D = Time resting spent in this place.
 E = Time spent auto-exploring this place.
 F = Levels seen in this place.
 G = Mean time per level.
                   A        B        C        D        E       F      G
               +--------+--------+--------+--------+--------+-----+--------+
         Total |   8801 |   8456 |    345 |   1431 |   3986 |  10 |  880.1 |
       Dungeon |   8760 |   8415 |    345 |   1431 |   3986 |   9 |  973.3 |
        Temple |     40 |     40 |      0 |      0 |      0 |   1 |   40.0 |
               +--------+--------+--------+--------+--------+-----+--------+

Top non-repeatable levels by time:
     D:5: 1898 daAuts
     D:6: 1287 daAuts
     D:4: 1279 daAuts
     D:8: 883 daAuts
     D:9: 829 daAuts
     D:7: 765 daAuts
     D:3: 695 daAuts
     D:1: 620 daAuts
     D:2: 501 daAuts
  Temple: 40 daAuts
